 Dungeon Crawl Stone Soup version 0.28-a0-850-g09de17f5b5 (webtiles) character file.

Game seed: 9036666601385054536

122015 Twinkles the Unseen (level 16, -5/129 HPs)
             Began as a Vampire Berserker on Nov 13, 2021.
             Was a High Priest of Trog.
             Frozen to death by freelancePsychic's ghost (23 damage)
             ... on level 10 of the Dungeon.
             The game lasted 02:46:34 (29612 turns).

Twinkles the Unseen (Vampire Berserker)            Turns: 29612, Time: 02:46:35

Health: -5/129     AC: 33    Str: 20    XL:     16   Next: 33%
Magic:  16/16      EV: 13    Int: 11    God:    Trog [*****.]
Gold:   2228       SH: 14    Dex: 15    Spells: 15/15 levels left

rFire   + + .      SeeInvis +   a - +3 scimitar (flame)
rCold   . . .      Faith    +   x - +2 kite shield {reflect}
rNeg    . . .      Spirit   .   K - +8 chain mail of an ice cave {rF++ Will+}
rPois   .          Reflect  +   r - +1 helmet
rElec   .          Harm     .   f - +2 cloak
rCorr   .          Rampage  .   c - +0 pair of gloves
Will    ++++.                   D - +2 pair of boots {Fly}
Stlth   +++.......              k - amulet of faith
HPRegen 1.51/turn               S - +4 ring of slaying
MPRegen 0.15/turn               B - +4 ring of protection

@: lethally poisoned (-5 -> -5), strong-willed, on berserk cooldown, flying,
regenerating, slowed, studying Stealth, very slow
A: alive, fangs 3, see invisible, vampiric 2
a: Exsanguinate, Renounce Religion, Berserk, Trog's Hand, Brothers in Arms


You were on level 10 of the Dungeon.
You worshipped Trog.
Trog was extremely pleased with you.
You visited 2 branches of the dungeon, and saw 21 of its levels.
You also visited: Ossuary and Bailey.

You collected 2400 gold pieces.
You spent 172 gold pieces at shops.

Inventory:

Hand Weapons
 a - a +3 scimitar of flaming (weapon)
 b - the +9 rapier "Dud Gupn" {protect, rPois rC+ Stlth+}
   (You found it on level 10 of the Dungeon)

   It grants its wielder temporary protection when it strikes (+7 to AC).
   rC:        It protects you from cold.
   rPois:     It protects you from poison.
   Stlth:     It makes you more stealthy.
 s - a +4 vorpal hunting sling
 t - a +1 demon blade of protection
Missiles
 j - a curare-tipped dart
 l - 33 boomerangs (quivered)
 L - 62 poisoned darts
 U - a throwing net
 W - 109 sling bullets
Armour
 c - a +0 pair of gloves (worn)
 f - a +2 cloak (worn)
 r - a +1 helmet (worn)
 x - a +2 kite shield of reflection (worn)
 D - a +2 pair of boots of flying (worn)
 K - the +8 chain mail of an ice cave (worn) {rF++ Will+}
   (You found it on level 13 of the Dungeon)

   rF:        It greatly protects you from fire.
   Will:      It increases your willpower.
Jewellery
 g - a +6 ring of dexterity
 k - an amulet of faith (around neck)
 n - a +4 ring of evasion
 z - a +6 ring of strength
 B - a +4 ring of protection (right hand)
 O - a ring of flight
 S - a +4 ring of slaying (left hand)
Wands
 d - a wand of digging (3)
 h - a wand of acid (14)
 i - a wand of iceblast (36)
 p - a wand of paralysis (12)
 q - a wand of flame (99)
Scrolls
 e - a scroll of enchant weapon
 o - a scroll of enchant armour
 u - a scroll of holy word {unknown}
 w - a scroll of summoning {unknown}
 y - 2 scrolls of acquirement
 E - a scroll of fear
 F - a scroll of fog
 V - a scroll of vulnerability
 X - 2 scrolls of magic mapping
 Y - 10 scrolls of teleportation
 Z - 7 scrolls of identify
Potions
 A - 5 potions of attraction
 C - 3 potions of cancellation
 G - 3 potions of ambrosia
 H - 2 potions of haste
 I - 3 potions of invisibility
 J - 10 potions of curing
 M - 3 potions of might
 N - 8 potions of heal wounds
 P - 3 potions of lignification
 Q - 2 potions of magic
 R - 3 potions of resistance
Miscellaneous
 m - a phantom mirror
 v - a lightning rod (4/4)


   Skills:
 + Level 12.9 Fighting
 - Level 14.0 Long Blades
 - Level 8.0 Armour
 + Level 14.9 Dodging
 - Level 15.0 Stealth
 + Level 10.7 Shields


You had 15 spell levels left.
You didn't know any spells.
Your spell library was empty.

Dungeon Overview and Level Annotations

Branches:
Dungeon (15/15)            Temple (0/1) D:4            Lair (6/6) D:8
 Shoals (0/4) Lair:4       Spider (0/4) Lair:4        Slime (0/5) Lair:5
    Orc (0/2) D:11         Vaults (0/5) D:14         Depths (0/4) D:15
Ossuary (visited)          Bailey (visited)

Altars:
Cheibriados
Dithmenos
Elyvilon
Fedhas
Hepliaklqana
Okawaru
Qazlal
Ru
Sif Muna
Uskayaw
Wu Jian
Xom
Yredelemnul
Zin

Shops:
D:11 ?(:   D:13 [   D:14 [   D:15 ?

Annotations:
D:10 freelancePsychic's ghost, journeyman DsIE
D:13 Sonja
Lair:4 exclusions: 2 elephants and hydra


Innate Abilities, Weirdness & Mutations

Your natural rate of healing is accelerated.
You have razor-sharp teeth.
You have supernaturally acute eyesight. (SInv)
You are afflicted with vampirism and can become a bat while bloodless.


Message History

FreelancePsychic's ghost is heavily damaged.
FreelancePsychic's ghost barely misses you.
You miss freelancePsychic's ghost.
FreelancePsychic's ghost is heavily damaged.
You feel sick.
You miss freelancePsychic's ghost.
FreelancePsychic's ghost is heavily damaged.
You block freelancePsychic's ghost's attack.
You barely miss freelancePsychic's ghost.
FreelancePsychic's ghost is heavily damaged.
You feel sick.
You miss freelancePsychic's ghost.
FreelancePsychic's ghost is heavily damaged.
FreelancePsychic's ghost hits you but does no damage.
You are more poisoned.
You barely miss freelancePsychic's ghost.
FreelancePsychic's ghost is heavily damaged.
You feel sick.
You slice freelancePsychic's ghost!! You burn freelancePsychic's ghost!
You bite freelancePsychic's ghost!
FreelancePsychic's ghost is severely damaged.
You feel sick. FreelancePsychic's ghost freezes you.
You are frozen!!
* * * LOW HITPOINT WARNING * * *
You are too berserk!
Unknown command.
Unknown command.
You completely miss freelancePsychic's ghost.
FreelancePsychic's ghost is severely damaged.
You feel sick.
You slash freelancePsychic's ghost! You burn freelancePsychic's ghost.
FreelancePsychic's ghost is almost destroyed.
You are no longer berserk.
You are exhausted.
You feel yourself slow down.
You feel sick. FreelancePsychic's ghost freezes you.
You are frozen!!
You die...

.# #....##..#..[[(... #..# .#
#....#....###[..##.##.# .#
#....##.#.....#.....#.# .#
#.....#©..#..©..##..#.# ##
#####.#..##..#......#.#
#.#Sll.#...#...##.#
######.##......#l...#..#
#.....(.##.###..#####.##
#........###@####.....#
#..........†W†........#
#............##.......# #####
#...........###.......###....
#...........'.#.......##..###
#.....<.....#.#.......'..##
#....#......#.#.......####
###..##.#'###.#.......#
##.#..##..# #.+.......#


You could see freelancePsychic's ghost.

Vanquished Creatures
  A war gargoyle (D:13)
  A fire dragon (D:13)
  Fannar (D:12)
  Josephine (D:12)
  8 vault guards (D:14)
  8 hydras
  3 boulder beetles
  5 centaur warriors
  6 two-headed ogres
  3 tengu warriors
  4 death yaks (Lair:4)
  A hell knight (D:13)
  A fire crab (Lair:4)
  A necromancer (D:15)
  2 deep elf pyromancers
  A wizard (D:15)
  An orc knight (Bailey)
  A faun (shapeshifter) (D:13)
  4 manticores
  5 ugly things
  A moth of wrath (D:10)
  A cyclops (D:14)
  14 elephants (Lair:6)
  8 black mambas
  8 gargoyles (D:13)
  26 cane toads
  A torpor snail (shapeshifter) (D:15)
  Maurice (D:12)
  3 naga magi (D:15)
  2 torpor snails
  11 komodo dragons
  A kobold demonologist (D:8)
  A freezing wraith (D:10)
  3 rime drakes
  8 trolls
  2 tengu conjurers
  A harpy zombie (D:15)
  3 tyrant leeches (Lair:6)
  3 polar bears
  A harpy skeleton (D:15)
  9 dream sheep
  12 blink frogs
  12 slime creatures
  2 meliai zombies (D:15)
  Sigmund (D:4)
  A redback (D:10)
  A spriggan (shapeshifter) (D:13)
  7 wraiths
  A shadow (D:13)
  6 wyverns
  20 yaks
  4 steam dragons
  4 basilisks
  3 wargs (D:8)
  11 vampire mosquitoes
  4 acid dragons
  A naga (shapeshifter) (D:14)
  8 water moccasins
  10 orc warriors
  2 hornet zombies
  A sky beast (D:8)
  An ice beast (shapeshifter) (D:13)
  5 black bears
  An ice beast (D:5)
  A necrophage (D:5)
  10 ogres
  11 centaurs
  A phantom (D:5)
  22 wolves
  2 kobold brigands (D:11)
  An elf zombie (Ossuary)
  21 bullfrogs
  5 gnoll sergeants
  A scorpion (D:5)
  A water moccasin zombie (D:5)
  A wyvern zombie (D:8)
  A wyvern skeleton (D:6)
  2 water moccasin skeletons
  7 killer bees
  14 wights
  5 electric eels
  8 howler monkeys
  15 jellies
  6 centaur zombies
  3 bullfrog zombies
  A human zombie (Ossuary)
  3 hounds
  2 quasits (D:4)
  4 orc priests
  A gnoll shaman (D:8)
  An iron imp (D:5)
  3 iguanas
  Ijyb (D:3)
  7 orc wizards
  2 killer bee zombies
  4 hound zombies (Ossuary)
  A hound skeleton (D:4)
  6 mummies
  32 gnolls
  8 adders
  An ufetubus (D:5)
  2 adder zombies (Ossuary)
  A worm (D:3)
  3 dart slugs
  The ghost of croobank the Sneak, a weakling FeDe of Yredelemnul (D:4)
  27 orcs
  7 endoplasms
  4 giant cockroaches
  39 goblins
  21 hobgoblins
  2 jackals (D:1)
  3 quokkas
  11 ball pythons
  4 bats
  5 frilled lizards
  A gnoll zombie (Ossuary)
  A jackal zombie (Ossuary)
  23 kobolds
  2 orc zombies (Ossuary)
  11 rats
667 creatures vanquished.

Vanquished Creatures (collateral kills)
  An orc warlord (Bailey)
  A cane toad (Lair:6)
2 creatures vanquished.

Vanquished Creatures (others)
  A deep elf pyromancer (D:8)
  A bush (Lair:4)
  37 fungi
  105 plants
  4 withered plants (D:7)
148 creatures vanquished.

Grand Total: 817 creatures vanquished

Notes
Turn   | Place    | Note
-------+----------+-------------------------------------------
     0 | D:1      | Twinkles the Vampire Berserker began the quest for the Orb.
     0 | D:1      | Reached XP level 1. HP: 17/17 MP: 1/1
    96 | D:1      | Reached skill level 1 in Stealth
    96 | D:1      | Reached XP level 2. HP: 21/23 MP: 2/2
   291 | D:1      | Found a faded altar of an unknown god.
   862 | D:2      | Gained mutation: You are afflicted with vampirism and can
                  | become a bat while bloodless. [Vampire growth]
   862 | D:2      | Reached XP level 3. HP: 28/28 MP: 3/3
   879 | D:2      | Reached ** piety under Trog
   883 | D:2      | Reached skill level 2 in Stealth
   980 | D:2      | Reached XP level 4. HP: 35/35 MP: 4/4
  1732 | D:3      | Noticed an earth elemental
  1839 | D:3      | Found a stormy altar of Qazlal.
  1848 | D:3      | Noticed a water elemental
  1851 | D:3      | Noticed an air elemental
  1851 | D:3      | Noticed a fire elemental
  1882 | D:3      | Reached skill level 3 in Stealth
  2058 | D:3      | Reached *** piety under Trog
  2132 | D:3      | Reached XP level 5. HP: 41/41 MP: 5/5
  2666 | D:3      | Reached **** piety under Trog
  2705 | D:3      | Reached XP level 6. HP: 48/48 MP: 6/6
  2710 | D:3      | Reached skill level 4 in Stealth
  2949 | D:3      | Found a shadowy altar of Dithmenos.
  2950 | D:3      | Noticed Ijyb
  2954 | D:3      | Killed Ijyb
  2958 | D:3      | Upgraded the game from 0.28-a0-845-gfc338a8e3c to
                  | 0.28-a0-850-g09de17f5b5
  3605 | D:4      | Noticed Sigmund
  3613 | D:4      | Killed Sigmund
  3614 | D:4      | Reached skill level 5 in Stealth
  3614 | D:4      | Reached XP level 7. HP: 54/54 MP: 7/7
  3738 | D:4      | Noticed croobank's ghost (weakling FeDe)
  3739 | D:4      | Found a transporter.
  3826 | D:4      | Identified the +1 great mace of the Present {drain, Drain
                  | +Blink rF+++ Int-2}
  4103 | D:4      | Reached skill level 5 in Long Blades
  4103 | D:4      | Reached skill level 6 in Stealth
  4177 | D:4      | Found a staircase to the Ecumenical Temple.
  4262 | D:4      | Reached skill level 5 in Dodging
  4275 | D:4      | Found a transporter.
  4394 | D:5      | Entered Level 5 of the Dungeon
  4443 | D:5      | Reached XP level 8. HP: 61/61 MP: 8/8
  4884 | D:5      | Reached skill level 5 in Fighting
  4884 | D:5      | Reached skill level 7 in Stealth
  4915 | D:5      | Found an ornate altar of the Wu Jian Council.
  4915 | D:5      | Found a shimmering blue altar of Sif Muna.
  5302 | D:5      | Found a snail-covered altar of Cheibriados.
  5463 | D:5      | Found a basalt altar of Yredelemnul.
  6061 | D:6      | Reached skill level 8 in Stealth
  6152 | D:6      | Reached XP level 9. HP: 68/68 MP: 9/9
  6214 | D:6      | Reached ***** piety under Trog
  6562 | D:6      | Found a sacrificial altar of Ru.
  7092 | D:7      | Reached skill level 5 in Armour
  7389 | D:7      | Found a hide-covered altar of Uskayaw.
  7389 | D:7      | Found a hazy altar of Hepliaklqana.
  7400 | D:7      | Found an iron altar of Okawaru.
  7951 | D:8      | Noticed a troll
  7962 | D:8      | Killed a troll
  8047 | D:8      | Reached XP level 10. HP: 77/77 MP: 10/10
  8108 | D:8      | Found a staircase to the Lair.
  8215 | D:8      | Noticed a two-headed ogre
  8224 | D:8      | Killed a two-headed ogre
  8226 | D:8      | Found a sand-covered staircase.
  8259 | Ossuary  | Entered an ossuary
  9008 | D:8      | Reached skill level 1 in Shields
  9135 | D:8      | Noticed a two-headed ogre
  9140 | D:8      | Killed a two-headed ogre
  9150 | D:8      | Noticed a deep elf pyromancer
  9155 | D:8      | Killed a deep elf pyromancer
  9155 | D:8      | Received a gift from Trog
  9334 | D:8      | Reached XP level 11. HP: 83/86 MP: 3/11
  9355 | D:8      | Identified the +0 cloak of the Jabberwock {rF+ rC- rN+++
                  | Dex-3}
  9430 | D:8      | Noticed a deep elf pyromancer
 10083 | D:9      | Found a blossoming altar of Fedhas.
 10367 | D:9      | Noticed a two-headed ogre
 10376 | D:9      | Killed a two-headed ogre
 11031 | D:10     | Entered Level 10 of the Dungeon
 11093 | D:10     | You fall into a shaft and drop 1 floor!
 11165 | D:11     | Found Xuvaeppizec's Book Shop.
 11354 | D:10     | Noticed freelancePsychic's ghost (journeyman DsIE)
 11354 | D:10     | Found a transporter.
 11664 | D:10     | Noticed a boulder beetle
 11759 | D:10     | Found a transporter.
 11814 | D:10     | Noticed a tengu warrior
 11822 | D:10     | Killed a tengu warrior
 11843 | D:10     | Killed a boulder beetle
 12131 | D:10     | Reached skill level 10 in Dodging
 12215 | D:10     | Identified the +11 flail of Dung {venom, *Corrode rF+
                  | Dex+7}
 12215 | D:10     | Noticed a tengu warrior
 12228 | D:10     | Killed a tengu warrior
 12238 | D:10     | HP: 24/87 [freezing wraith (8)]
 12416 | D:11     | Noticed a two-headed ogre
 12474 | Lair:1   | Entered Level 1 of the Lair of Beasts
 12744 | Lair:1   | Identified 4 scrolls of acquirement
 12744 | Lair:1   | Acquired a manual of Stealth
 13031 | Lair:1   | Reached XP level 12. HP: 81/94 MP: 4/12
 13142 | Lair:1   | Reached skill level 5 in Shields
 13594 | Lair:1   | Noticed an eight-headed hydra
 13603 | Lair:1   | Killed an eight-headed hydra
 14219 | Lair:2   | Reached skill level 9 in Stealth
 14270 | Lair:2   | Reached skill level 10 in Long Blades
 14544 | Lair:2   | Noticed a five-headed hydra
 14594 | Lair:2   | Killed a five-headed hydra
 14599 | Lair:2   | Noticed a seven-headed hydra
 14642 | Lair:2   | Killed a seven-headed hydra
 14643 | Lair:2   | Reached skill level 10 in Stealth
 15308 | Lair:3   | Noticed a four-headed hydra
 15319 | Lair:3   | Killed a four-headed hydra
 15320 | Lair:3   | Reached skill level 11 in Stealth
 15875 | Lair:3   | Reached skill level 12 in Stealth
 16044 | Lair:3   | Found a shadowy altar of Dithmenos.
 16490 | Lair:4   | Found a staircase to the Shoals.
 16761 | Lair:4   | Found a hole to the Spider Nest.
 16771 | Lair:4   | Reached XP level 13. HP: 103/103 MP: 4/13
 16835 | Lair:4   | Received a gift from Trog
 16836 | Lair:4   | Reached skill level 10 in Fighting
 16841 | Lair:4   | HP: 29/103 [fire crab (9)]
 17100 | Lair:4   | Reached skill level 13 in Stealth
 18016 | Lair:5   | Reached skill level 14 in Stealth
 18178 | Lair:5   | Found a staircase to the Slime Pits.
 19092 | Lair:6   | Entered Level 6 of the Lair of Beasts
 19135 | Lair:6   | Reached skill level 15 in Stealth
 19562 | Lair:6   | HP: 46/157 [poisoned by a water moccasin]
 19567 | Lair:6   | HP: 40/157 [poisoned by a water moccasin]
 19572 | Lair:6   | HP: 28/105 [poisoned by a water moccasin]
 20201 | Lair:6   | Reached XP level 14. HP: 83/113 MP: 6/14
 20622 | Lair:6   | Received a gift from Trog
 22028 | D:10     | Identified the +9 rapier "Dud Gupn" {protect, rPois rC+
                  | Stlth+}
 22095 | D:11     | Found Ikhick's Antique Weapon Shoppe.
 22305 | D:11     | Found a staircase to the Orcish Mines.
 22782 | D:11     | Found Leotej's Magic Scroll Emporium.
 23271 | D:12     | Noticed Josephine
 23545 | D:12     | Noticed Maurice
 23563 | D:12     | Noticed Fannar
 23596 | D:12     | Killed Fannar
 23596 | D:12     | Received a gift from Trog
 23692 | D:12     | Killed Maurice
 23805 | D:12     | Killed Josephine
 23937 | D:12     | Identified the amulet "Qivuim" {RegenMP rC+ rN+}
 24196 | D:13     | Identified the +8 chain mail of an ice cave {rF++ Will+}
 24298 | D:13     | Noticed Sonja
 24340 | D:13     | You fall into a shaft and drop 1 floor!
 24393 | D:14     | You fall into a shaft and drop 1 floor!
 24393 | D:15     | Entered Level 15 of the Dungeon
 24567 | D:13     | Found a flagged portal.
 24587 | Bailey   | Entered a bailey
 24596 | Bailey   | Noticed an orc warlord
 24741 | Bailey   | Found a runed translucent gate.
 24742 | Bailey   | Found a runed translucent gate.
 24744 | Bailey   | Found a runed translucent gate.
 24927 | Bailey   | Identified the +4 falchion of Embarrassment {vorpal, Will+
                  | Str+4}
 24936 | Bailey   | Killed an orc warlord
 24945 | Bailey   | Identified the +4 quarterstaff of Dissatisfaction
                  | {antimagic, rElec rN+}
 25046 | D:13     | Reached XP level 15. HP: 120/120 MP: 15/15
 25110 | D:13     | Found Cayb's Armour Boutique.
 25603 | D:13     | Noticed a storm dragon
 25603 | D:13     | a dire elephant changed into a storm dragon
 25606 | D:13     | Reached skill level 10 in Shields
 25610 | D:13     | HP: 43/181 [storm dragon (glowing shapeshifter)/bolt of
                  | lightning (17)]
 25613 | D:13     | HP: 19/181 [drowned by a storm dragon (glowing
                  | shapeshifter) (6)]
 25614 | D:13     | a storm dragon changed into an ettin
 25978 | D:14     | Found Uvvyer's Antique Armour Emporium.
 25986 | D:14     | Bought a pair of embroidered boots for 172 gold pieces
 26316 | D:14     | Identified the +1 chain mail of Jynwimn {*Corrode rF+
                  | Slay+3}
 26333 | D:14     | Identified the +1 flail "Duubit" {freeze, rCorr Int-2
                  | Dex+10}
 26405 | D:14     | Reached XP level 16. HP: 123/129 MP: 16/16
 26505 | D:14     | Found a gate to the Vaults.
 26954 | D:14     | Found a shimmering altar of Xom.
 27508 | D:15     | Found Jilemoq's Magic Scroll Shop.
 28004 | D:15     | Found a staircase to the Depths.
 28761 | D:4      | Killed croobank's ghost
 29599 | D:10     | Received a gift from Trog
 29602 | D:10     | HP: 46/193 [frozen (24)]
 29607 | D:10     | HP: 48/193 [poisoned by freelancePsychic's ghost]
 29612 | D:10     | HP: 18/129 [poisoned by freelancePsychic's ghost]
 29612 | D:10     | Frozen to death by freelancePsychic's ghost

Illustrated notes

Levels and vault maps discovered:
D:1:      elethiomel_arrival_quiet, layout_basic, basic_ecumenical_altar,
          st_stairs_2, serial_bayou_lake_a
D:2:      layout_basic
D:3:      minmay_goblin_kobold_castle, layout_basic,
          nicolae_qazlal_style_of_elements, mainiacjoe_overflow_24_doors,
          minmay_close_crescents, uniq_ijyb
D:4:      layout_basic, minmay_temple_entry_from_below_a,
          gammafunk_ghost_stat_death, hex_medium, st_stairs_9,
          kennysheep_generic_room_7, uniq_sigmund
D:5:      layout_loops_corners, lemuel_coloured_pillars_altar,
          chei_slow_surprise, gammafunk_temple_overflow_statue
D:6:      kennysheep_six_static_rooms, layout_rooms, kennysheep_mini
D:7:      layout_basic, overflow_temple_1_default, mainiacjoe_overflow_alcove_3,
          serial_undead, serial_undead_b, serial_undead_c, serial_undead_c,
          serial_undead_a
D:8:      minmay_the_grid_octo_tiled_octocenter
          [minmay_the_grid_octo_fat_diamond, minmay_the_grid_octo_horde,
          minmay_the_grid_octo_77, minmay_the_grid_octo_odd_swirl,
          minmay_the_grid_octo_prize_big_c,
          minmay_the_grid_square_5x5_hollow_slash,
          minmay_the_grid_square_5x5_trominoes,
          minmay_the_grid_square_5x5_spiral, minmay_the_grid_square_5x5_bridge],
          layout_basic, erik_lair_orcish_takeover, enter_ossuary_2,
          minmay_misc_feat_alley, corexii_hall_statues_t
D:9:      layout_loops_ring, fedhas_altar_3, minmay_statues_item
D:10:     layout_roguey, gammafunk_ghost_berserking_beasts,
          minmay_diamond_spiral
D:11:     layout_loops_ring, kennysheep_orc_monster_closet_entryway,
          serial_shops, shop, shop, kennysheep_little_box
D:12:     layout_cave_pools, uniq_maurice, uniq_josephine, uniq_fannar
D:13:     gargoyle_guard, layout_rooms, serial_shops, shop_coins,
          enter_bailey_3, minmay_radiant, uniq_sonja
D:14:     lemuel_flame_loot_2, layout_loops_ring, erik_vaults_2, serial_shops,
          shop, lemuel_tele_altar, serial_glass, glass_columns_a,
          glass_columns_c, glass_columns_b, glass_columns_a, minivault_26,
          kb_tengu_band
D:15:     grunt_enter_depths_magical_seal, layout_gridville, serial_shops,
          nicolae_shop_trees
Lair:1:   layout_loops_ring, serial_bayou_shore_a
Lair:2:   layout_chaotic_city
Lair:3:   layout_gridlike, basic_altar, beast_lair_carwin_11
Lair:4:   layout_regular_city, elwin_shoals_entry_rocks,
          spider_nest_entry_web_field, grunt_megastairs_4, serial_bayou_shore_b
Lair:5:   layout_regular_city, minmay_slime_entry_jelly_boxes,
          infiniplex_staircase_pool, lemuel_fruit_fields
Lair:6:   minmay_lair_end_frog_pond, layout_hall_layers

Skill      XL: |  1  2  3  4  5  6  7  8  9 10 11 12 13 14 15 16 |
---------------+-------------------------------------------------+-----
Stealth        | 1 2 3 5 6 8 12 15 | 15.0
Fighting       | 3 4 5 6 7 8 9 11 12 | 12.9
Armour         | 2 3 4 5 6 7 8 |  8.0
Dodging        | 3 4 5 6 7 9 10 11 12 14 | 14.9
Long Blades    | 4 5 6 7 8 9 10 11 13 14 | 14.0
Shields        | 2 4 6 8 9 10 | 10.7

Action                   |  1- 3 |  4- 6 |  7- 9 | 10-12 | 13-15 | 16-18 || total
-------------------------+-------+-------+-------+-------+-------+-------++-------
Melee: Falchion          |    91 |   177 |    29 |       |       |       ||   297
       Bite              |    10 |    21 |    69 |   110 |   143 |    35 ||   388
       Dagger            |       |       |   383 |   263 |    32 |       ||   678
       Scimitar          |       |       |       |   502 |   896 |   213 ||  1611
       Rapier            |       |       |       |       |    10 |     7 ||    17
Throw: Stone             |       |       |       |    13 |    44 |       ||    57
       Boomerang         |       |       |       |       |    29 |     8 ||    37
       Dart              |       |       |       |       |     3 |       ||     3
Invok: Berserk           |     3 |     7 |     7 |    14 |    11 |     3 ||    45
       Trog's Hand       |       |     3 |     4 |    14 |    14 |     2 ||    37
       Brothers in Arms  |       |       |       |     2 |     2 |       ||     4
Evoke: Wand              |       |       |       |     2 |     2 |       ||     4
  Use: Scroll            |       |       |     7 |     9 |    12 |     4 ||    32
       Potion            |       |       |     1 |     2 |     2 |     1 ||     6
 Stab: Sleeping          |     4 |     1 |       |    14 |    21 |     3 ||    43
       Distracted        |       |       |       |       |     4 |       ||     4
Armor: Animal skin       |    16 |     8 |       |       |       |       ||    24
       Chain mail        |       |   125 |   186 |   192 |    30 |    73 ||   606
       Troll leather arm |       |       |       |    91 |       |       ||    91
       Acid dragon scale |       |       |       |   113 |   223 |       ||   336
Dodge: Dodged            |    55 |    91 |   153 |   528 |   387 |    49 ||  1263
Block: Kite shield       |       |       |       |   221 |   501 |   109 ||   831
       Reflection        |       |       |       |       |    33 |     4 ||    37

Table legend: (Time is in decaauts)
 A = Elapsed time spent in this place.
 B = Non-inter-level travel time spent in this place.
 C = Inter-level travel time spent in this place.
 D = Time resting spent in this place.
 E = Time spent auto-exploring this place.
 F = Levels seen in this place.
 G = Mean time per level.
                   A        B        C        D        E       F      G
               +--------+--------+--------+--------+--------+-----+--------+
         Total |  29963 |  26494 |   3469 |   5264 |  14053 |  23 | 1302.7 |
       Dungeon |  19552 |  16847 |   2705 |   3298 |   9243 |  15 | 1303.5 |
          Lair |   9650 |   8887 |    763 |   1918 |   4598 |   6 | 1608.3 |
       Ossuary |    297 |    297 |      0 |      0 |    143 |   1 |  297.0 |
        Bailey |    463 |    463 |      0 |     47 |     68 |   1 |  463.0 |
               +--------+--------+--------+--------+--------+-----+--------+

Top non-repeatable levels by time:
  Lair:6: 2715 daAuts
     D:8: 2217 daAuts
     D:3: 1857 daAuts
  Lair:1: 1645 daAuts
     D:5: 1578 daAuts
  Lair:4: 1547 daAuts
    D:15: 1515 daAuts
  Lair:3: 1382 daAuts
    D:10: 1354 daAuts
    D:11: 1332 daAuts
     D:7: 1229 daAuts
    D:14: 1216 daAuts
  Lair:2: 1183 daAuts
     D:4: 1181 daAuts
  Lair:5: 1176 daAuts
